 Dungeon Crawl Stone Soup version 0.28-a0-1524-ge72afd5fc6 (webtiles) character file.

Game seed: 11787746102369348376

13101 HallandMoats the Fighter (level 12, -6/110 HPs)
             Began as a Ghoul Fighter on Jan 18, 2022.
             Was a High Priest of Okawaru.
             Mangled by a boulder beetle (50 damage)
             ... on level 11 of the Dungeon.
             The game lasted 00:18:27 (12875 turns).

HallandMoats the Fighter (Ghoul Fighter)           Turns: 12875, Time: 00:18:27

Health: -6/110     AC: 20    Str: 21    XL:     12   Next: 2%
Magic:  26/26      EV:  7    Int:  5    God:    Okawaru [*****.]
Gold:   565        SH: 11    Dex: 10    Spells: 11/11 levels left

rFire   x . .      SeeInvis .   b - +8 hunting sling "Yshraag" {venom, rF- rN+ MP+9}
rCold   + . .      Faith    .   i - +2 buckler
rNeg    + + +      Spirit   .   m - +0 plate armour
rPois   ∞          Reflect  +   (no helmet)
rElec   .          Harm     .   q - +1 cloak
rCorr   .          Rampage  .   n - +0 pair of gloves
Will    +....                   (no boots)
Stlth   ..........              l - amulet of reflection
HPRegen 0.00/turn               j - +4 ring of protection
MPRegen 0.20/turn               y - ring of willpower

@: inhibited regen
A: claws 1, cold resistance 1, negative energy resistance 3, inhibited
regeneration, torment resistance 2
a: Renounce Religion, Heroism, Finesse, Duel


You were on level 11 of the Dungeon.
You worshipped Okawaru.
Okawaru was extremely pleased with you.
You visited 2 branches of the dungeon, and saw 12 of its levels.
You also visited: Bailey.

You collected 667 gold pieces.
You spent 102 gold pieces at shops.

Inventory:

Hand Weapons
 a - the +7 spear of Judgement {venom, Int+7}
   (You found it on level 7 of the Dungeon)

   It poisons the flesh of those it strikes.
   Int:       It affects your intelligence (+7).
 b - the +8 hunting sling "Yshraag" (weapon) {venom, rF- rN+ MP+9}
   (You found it on level 10 of the Dungeon)

   Any ammunition fired from it poisons the flesh of those it strikes.
   rF:        It makes you vulnerable to fire.
   rN:        It protects you from negative energy.
   MP:        It affects your magic capacity (+9).
 h - a +0 war axe
Missiles
 d - 3 throwing nets
 L - 90 sling bullets (quivered ammo)
Armour
 i - a +2 buckler (worn)
 m - a +0 plate armour (worn)
 n - a +0 pair of gloves (worn)
 q - a +1 cloak (worn)
 z - the +1 ring mail of Perfidy {rElec Int+5}
   (You found it on level 10 of the Dungeon)

   Int:       It affects your intelligence (+5).
   rElec:     It insulates you from electricity.
Jewellery
 j - a +4 ring of protection (left hand)
 l - an amulet of reflection (around neck)
 y - a ring of willpower (right hand)
 C - a ring of willpower
 D - a +6 ring of dexterity
Wands
 p - a wand of flame (24)
 A - a wand of mindburst (4)
 N - a wand of acid (3)
Scrolls
 c - 3 scrolls of enchant armour
 e - 3 scrolls of summoning
 f - 5 scrolls of enchant weapon
 g - 2 scrolls of immolation {unknown}
 k - 4 scrolls of teleportation {unknown}
 r - 2 scrolls of fear {unknown}
 s - 3 scrolls of identify
 t - 2 scrolls of blinking {unknown}
 u - 3 scrolls of vulnerability {unknown}
 x - 3 scrolls of fog {unknown}
 G - 2 scrolls of amnesia {unknown}
 K - 3 scrolls of magic mapping
 M - a scroll of brand weapon {unknown}
Potions
 o - 2 potions of flight
 v - 3 potions of curing
 w - 3 potions of attraction {unknown}
 B - a potion of magic {unknown}
 E - a potion of brilliance {unknown}
 F - a potion of invisibility {unknown}
 H - a potion of cancellation {unknown}
 I - a potion of haste {unknown}
 J - a potion of experience
 O - a potion of heal wounds


   Skills:
 * Level 11.2 Fighting
 * Level 9.3 Axes
 * Level 0.0 Slings
 + Level 6.7 Armour
 + Level 6.0 Dodging
 - Level 4.1 Shields
 + Level 9.1 Invocations


You had 11 spell levels left.
You didn't know any spells.
Your spell library contained the following spells:

 Spells                   Type           Power      Damage    Failure   Level
 Corpse Rot               Necr/Air       0%         N/A       100%        2
 Poisonous Vapours        Pois/Air       0%         N/A       100%        2
 Static Discharge         Conj/Air       0%         N/A       100%        2
 Dazzling Flash           Conj/Hex       0%         N/A       100%        3
 Gell's Gravitas          Tloc           0%         N/A       100%        3
 Teleport Other           Tloc           0%         N/A       100%        3
 Dispel Undead            Necr           0%         3d6       100%        4
 Hailstorm                Conj/Ice       0%         3d3       100%        4
 Iskenderun's Mystic Bla  Conj/Tloc      0%         2d3       100%        4
 Sticky Flame             Conj/Fire      0%         2d3       100%        4
 Irradiate                Conj/Tmut      0%         3d13      100%        5
 Dispersal                Tloc           0%         N/A       100%        6
 Iron Shot                Conj/Erth      0%         9d1       100%        6
 Starburst                Conj/Fire      0%         6d3       100%        6
 Animate Armour           Summ/Erth      Unusable   N/A       N/A         4
 Ice Form                 Ice/Tmut       Unusable   N/A       N/A         4
 Blade Hands              Tmut           Unusable   N/A       N/A         5
 Simulacrum               Ice/Necr       Unusable   N/A       N/A         6
 Dragon Form              Tmut           Unusable   N/A       N/A         7

Dungeon Overview and Level Annotations

Branches:
Dungeon (11/15)            Temple (1/1) D:4          Bailey (visited)
   Lair: D:8-11         Orc: D:9-12

Altars:
Ashenzari
Cheibriados
Dithmenos
Elyvilon
Fedhas
Gozag
Hepliaklqana
Kikubaaqudgha
Makhleb
Nemelex Xobeh
Okawaru
Qazlal
Ru
Sif Muna
Trog
Uskayaw
Vehumet
Wu Jian
Xom
Yredelemnul
Zin
The Shining One

Shops:
D:6 (   D:7 *   D:9 *

Annotations:
D:11 Snorg


Innate Abilities, Weirdness & Mutations

You thrive by killing the living.
You are immune to poison.
You have sharp fingernails.
Your flesh is cold resistant. (rC+)
You are immune to negative energy. (rN+++)
You do not regenerate when monsters are visible.
You are immune to unholy pain and torment.


Message History

You now have 565 gold pieces (gained 16).
Snorg the Insatiable comes into view.
Snorg shouts!
You shoot a sling bullet. The sling bullet hits Snorg!
Snorg looks as sick as possible!
Snorg is lightly wounded.
Snorg is nearby!
You shoot a sling bullet. The sling bullet hits Snorg!
Snorg looks as sick as possible!
Snorg is moderately wounded.
A boulder beetle comes into view.
You shoot a sling bullet. The sling bullet hits Snorg!
Snorg is moderately wounded.
There are monsters nearby!
You shoot a sling bullet. The sling bullet hits Snorg!
Snorg looks as sick as possible!
Snorg is heavily wounded.
There are monsters nearby!
There are monsters nearby!
You shoot a sling bullet. The sling bullet hits Snorg!
Snorg looks as sick as possible!
Snorg is severely wounded.
Snorg completely misses you. You block Snorg's attack. Snorg claws you!
Snorg goes berserk!
You shoot a sling bullet. The sling bullet barely misses Snorg.
The sling bullet hits the boulder beetle but does no damage.
The boulder beetle is poisoned.
Snorg bites you! Snorg claws you! x2
The boulder beetle curls into a ball and begins rolling!
Snorg bites you but does no damage. Snorg claws you! You block Snorg's attack.
Okay, then.
As you read the scroll labelled ENTECI GABAZIZ, it crumbles to dust.
It is a scroll of enchant armour.
Your +0 cloak glows green for a moment.
You block Snorg's attack. Snorg claws you! x2
As you read the scroll labelled VAMAIL JUENORI, it crumbles to dust.
Wisps of shadow whirl around you...
The shadows disperse without effect.
It was a scroll of summoning.
You block Snorg's attack. Snorg claws you but does no damage.
You block Snorg's attack. The boulder beetle hits you!!!
You die...

#...# ..## # ....#
#...###...# .#. ##(...
#.....#...#.# ...#
.([.###.......^....
....#..(..##.<>...#..#.
..(((.#°..........# ####
.....(#○.###.....## ###.
......BT.####.....###...
#..@..##........#...
##............#.....
####...).....#.....
#...........#.....
#........#.........
...#..##............
.......##............
.....................
.....................


You could see Snorg (berserk, extremely poisoned) and a boulder beetle (rolling,
very poisoned).

Vanquished Creatures
  An orc warlord (Bailey)
  A hydra (D:10)
  2 boulder beetles
  A two-headed ogre (D:10)
  2 orc knights (Bailey)
  A manticore (D:7)
  A gargoyle (D:10)
  Maggie (D:7)
  2 trolls
  A vampire (D:9)
  A wraith (D:10)
  Sigmund (D:6)
  A shadow (D:9)
  15 yaks
  A water moccasin (D:5)
  An ice beast (D:8)
  14 orc warriors
  A black bear (D:6)
  2 sky beasts
  A necrophage (D:2)
  5 centaurs
  Blork the orc (D:6)
  2 kobold brigands
  3 bullfrogs
  3 scorpions
  2 gnoll sergeants (D:7)
  5 killer bees (D:8)
  A howler monkey (D:7)
  A bullfrog zombie (D:5)
  2 jellies (D:5)
  A hound (D:6)
  2 gnoll shamans (D:6)
  A centaur skeleton (D:5)
  4 centaur zombies
  7 orc priests
  2 bullfrog skeletons
  A scorpion zombie (D:5)
  An iguana (D:4)
  6 orc wizards
  2 killer bee zombies
  4 howler monkey zombies
  14 gnolls
  A howler monkey skeleton (D:6)
  8 adders
  2 river rats (D:4)
  2 white imps
  2 ufetubi
  2 worms (D:4)
  2 dart slugs
  32 orcs
  2 ball pythons (D:1)
  6 bats
  7 endoplasms
  2 giant cockroaches (D:1)
  17 goblins
  19 hobgoblins
  10 jackals (D:1)
  3 quokkas
  9 frilled lizards
  22 kobolds
  4 rats
273 creatures vanquished.

Vanquished Creatures (others)
  5 plants (D:2)
5 creatures vanquished.

Grand Total: 278 creatures vanquished

Notes
Turn   | Place    | Note
-------+----------+-------------------------------------------
     0 | D:1      | HallandMoats the Ghoul Fighter began the quest for the Orb.
     0 | D:1      | Reached XP level 1. HP: 19/19 MP: 0/0
   123 | D:1      | Reached XP level 2. HP: 10/26 MP: 1/1
   503 | D:1      | Reached XP level 3. HP: 33/33 MP: 2/2
   828 | D:2      | Reached XP level 4. HP: 26/40 MP: 3/3
  1465 | D:2      | Noticed a necrophage
  1484 | D:2      | Killed a necrophage
  1485 | D:2      | Reached skill level 4 in Fighting
  1485 | D:2      | Reached skill level 1 in Dodging
  1485 | D:2      | Reached XP level 5. HP: 26/47 MP: 4/4
  1708 | D:2      | Found a broken altar of Ashenzari.
  2077 | D:3      | Found a blossoming altar of Fedhas.
  2122 | D:3      | You fall into a shaft and drop 1 floor!
  2160 | D:4      | Reached XP level 6. HP: 40/53 MP: 5/5
  2588 | D:3      | Found a hide-covered altar of Uskayaw.
  2588 | D:3      | Found a sparkling altar of Nemelex Xobeh.
  2919 | D:4      | Found a staircase to the Ecumenical Temple.
  2983 | D:4      | Reached skill level 5 in Fighting
  3187 | Temple   | Entered the Ecumenical Temple
  3278 | Temple   | Became a worshipper of Warmaster Okawaru
  3565 | D:4      | Noticed a two-headed ogre
  3570 | D:4      | Reached XP level 7. HP: 56/61 MP: 6/6
  3649 | D:5      | Entered Level 5 of the Dungeon
  3796 | D:5      | Found a broken altar of Ashenzari.
  4515 | D:5      | Reached skill level 6 in Fighting
  4515 | D:5      | Reached XP level 8. HP: 43/70 MP: 7/7
  4519 | D:5      | Reached * piety under Okawaru
  4748 | D:5      | Reached skill level 5 in Axes
  5061 | D:6      | Found a bloodstained altar of Trog.
  5151 | D:6      | Noticed a vampire
  5154 | D:6      | Reached skill level 1 in Invocations
  5367 | D:6      | Noticed Blork the orc
  5382 | D:6      | Killed Blork the orc
  5427 | D:6      | Identified the +2 robe of Mumblety Peg {Rampage rPois
                  | Slay+5}
  5714 | D:6      | Noticed Sigmund
  5724 | D:6      | Killed Sigmund
  5725 | D:6      | Reached skill level 7 in Fighting
  5794 | D:6      | Reached ** piety under Okawaru
  5795 | D:6      | Reached XP level 9. HP: 59/79 MP: 10/10
  5964 | D:6      | Found Widas's Weapon Shoppe.
  6498 | D:7      | Identified the +7 spear of Judgement {venom, Int+7}
  6612 | D:7      | Found Aruuxkue's General Store.
  6653 | D:7      | Noticed a boulder beetle
  6668 | D:7      | Killed a boulder beetle
  6668 | D:7      | Reached *** piety under Okawaru
  6669 | D:7      | Reached skill level 8 in Fighting
  6705 | D:7      | Noticed Maggie
  6715 | D:7      | Killed Maggie
  6716 | D:7      | Reached skill level 5 in Armour
  6878 | D:7      | Reached skill level 5 in Invocations
  7053 | D:7      | Noticed a manticore
  7078 | D:7      | Killed a manticore
  7078 | D:7      | Reached **** piety under Okawaru
  7079 | D:7      | Reached XP level 10. HP: 50/90 MP: 10/13
  7495 | D:8      | Reached skill level 9 in Fighting
  8009 | D:7      | Reached ***** piety under Okawaru
  8239 | D:8      | Found a snail-covered altar of Cheibriados.
  8408 | D:8      | Reached skill level 5 in Dodging
  8735 | D:9      | Found Lonkonwi's Assorted Antiques.
  8750 | D:9      | Bought a scroll labelled IKHUIB PAYCUCY for 34 gold pieces
  8750 | D:9      | Bought a scroll of identify for 68 gold pieces
  8986 | D:9      | Received a gift from Okawaru
  8987 | D:9      | Reached XP level 11. HP: 99/99 MP: 15/15
  9239 | D:9      | Reached skill level 10 in Fighting
  9939 | D:10     | Entered Level 10 of the Dungeon
  9943 | D:10     | Identified the +1 ring mail of Perfidy {rElec Int+5}
 10036 | D:10     | Found a flagged portal.
 10037 | D:10     | Noticed a two-headed ogre
 10061 | D:10     | Killed a two-headed ogre
 10082 | Bailey   | Entered a bailey
 10304 | Bailey   | Noticed an orc knight
 10361 | Bailey   | Killed an orc knight
 10361 | Bailey   | Received a gift from Okawaru
 10677 | Bailey   | Noticed an orc warlord
 10733 | Bailey   | Killed an orc warlord
 10895 | Bailey   | Noticed an orc knight
 10956 | Bailey   | Killed an orc knight
 11426 | D:10     | Identified the +8 hunting sling "Yshraag" {venom, rF- rN+
                  | MP+9}
 11698 | D:10     | Reached skill level 11 in Fighting
 12525 | D:11     | Noticed a boulder beetle
 12527 | D:11     | Noticed a five-headed hydra
 12547 | D:10     | Killed a five-headed hydra
 12809 | D:11     | Killed a boulder beetle
 12810 | D:11     | Reached XP level 12. HP: 110/110 MP: 17/17
 12867 | D:11     | Noticed Snorg
 12869 | D:11     | Noticed a boulder beetle
 12875 | D:11     | Mangled by a boulder beetle

Illustrated notes

Levels and vault maps discovered:
D:1:      eino_arrival_water_star, layout_rooms
D:2:      layout_loops_corners, basic_altar, lexackson_kobold_supper
D:3:      layout_loops_ring, mainiacjoe_overflow_tiny_flanked,
          amethyst_overflow_temple_binary
D:4:      layout_basic, minmay_temple_entry_butterflies,
          lightli_sewer_entry_pipes, minmay_distorted
D:5:      layout_gridville, evilmike_ruin_ashenzari, minivault_25,
          minmay_misc_feat_doors
D:6:      layout_rooms, lemuel_round_altar, serial_shops,
          nicolae_shop_hallway_plus, kennysheep_cross_room, uniq_sigmund,
          uniq_blork_the_orc
D:7:      kennysheep_big_flooded_room, layout_loops_ring, serial_shops,
          nicolae_shop_trees, uniq_maggie
D:8:      layout_loops_ring, cheibriados_altar_1, minmay_orc_keep
D:9:      layout_basic, tso_oasis_becter, serial_shops, nicolae_shop_statue_plus
D:10:     layout_loops_corners, enter_bailey_5
D:11:     layout_cave_pools, dpeg_oklobed_lair, uniq_snorg
Temple:   regret_index_temple_waves

Skill      XL: |  1  2  3  4  5  6  7  8  9 10 11 |
---------------+----------------------------------+-----
Axes           | 2 3 4 5 7 8 9 |  9.3
Shields        | 3 4 |  4.1
Fighting       | 4 5 6 7 8 9 11 | 11.2
Armour         | 3 4 5 6 |  6.7
Dodging        | 1 2 3 4 5 6 |  6.0
Invocations    | 3 5 7 9 |  9.1

Action                   |  1- 3 |  4- 6 |  7- 9 | 10-12 || total
-------------------------+-------+-------+-------+-------++-------
Melee: War axe           |    97 |   217 |   236 |       ||   550
       Spear             |       |       |    65 |   592 ||   657
 Fire: Hunting sling     |       |       |       |    32 ||    32
Invok: Heroism           |       |       |     2 |     8 ||    10
       Finesse           |       |       |       |     1 ||     1
  Use: Potion            |       |       |     2 |     2 ||     4
       Scroll            |       |       |     5 |     5 ||    10
Armor: Scale mail        |    85 |    15 |       |       ||   100
       Plate armour      |       |    87 |   209 |   219 ||   515
Dodge: Dodged            |    63 |    54 |    76 |   127 ||   320
Block: Buckler           |    28 |   129 |   184 |   321 ||   662
       Reflection        |       |     2 |     3 |    11 ||    16

Table legend: (Time is in decaauts)
 A = Elapsed time spent in this place.
 B = Non-inter-level travel time spent in this place.
 C = Inter-level travel time spent in this place.
 D = Time resting spent in this place.
 E = Time spent auto-exploring this place.
 F = Levels seen in this place.
 G = Mean time per level.
                   A        B        C        D        E       F      G
               +--------+--------+--------+--------+--------+-----+--------+
         Total |  12993 |  12305 |    688 |    900 |   8658 |  13 |  999.5 |
       Dungeon |  11776 |  11145 |    631 |    900 |   7886 |  11 | 1070.5 |
        Temple |    150 |     94 |     56 |      0 |     57 |   1 |  150.0 |
        Bailey |   1066 |   1066 |      0 |      0 |    715 |   1 | 1066.0 |
               +--------+--------+--------+--------+--------+-----+--------+

Top non-repeatable levels by time:
     D:5: 1699 daAuts
     D:7: 1524 daAuts
     D:9: 1299 daAuts
     D:6: 1293 daAuts
     D:2: 1290 daAuts
    D:10: 1235 daAuts
  Bailey: 1066 daAuts
     D:3: 861 daAuts
     D:4: 854 daAuts
     D:8: 815 daAuts
     D:1: 804 daAuts
  Temple: 150 daAuts
    D:11: 97 daAuts
